Map: Ephemeron LE

Players

llllllllllll (Trap) - Winner!

  • Race: Protoss Protoss
  • League: Master
  • Spawn Location: 11:00

Patience

  • Race: Protoss Protoss
  • League: Master
  • Spawn Location: 5:00

VOD

Have the link to the VOD?

Description

Time

  • Played on: Jan. 6, 2020, 8:19 p.m.
  • Length: 12:23
Show
View Real Time Build Order
Export as new Build Order

llllllllllll Protoss - Winner!

Build Orders: Oracle Opening, Archon Immortal 

Get SALT Encoding   

  12  0:00  Probe  
  13  0:12  Probe  
  14  0:18  Pylon  
  14  0:24  Probe (Chrono Boost)  
  15  0:36  Probe (Chrono Boost)  
  15  0:37  Gateway  
  16  0:45  Probe (Chrono Boost)  
  16  0:46  Assimilator  
  17  0:51  Probe  
  18  1:03  Probe (Chrono Boost)  
  19  1:04  Assimilator  
  19  1:11  Gateway  
  19  1:14  Probe (Chrono Boost)  
  20  1:19  Probe (Chrono Boost)  
  20  1:25  Cybernetics Core  
  21  1:29  Probe  
  22  1:35  Pylon  
  22  1:41  Probe  
  23  1:53  Probe  
  24  2:01  Stalker x2  
  26  2:02  Warp Gate  
  28  2:09  Pylon  
  28  2:26  Stargate  
  28  2:29  Pylon  
  28  2:35  Adept x2  
  31  2:58  Nexus  
  31  3:02  Probe  
  32  3:09  Oracle (Chrono Boost)  
  35  3:14  Probe  
  36  3:24  Pylon  
  36  3:45  Shield Battery  
  36  3:49  Stalker x2  
  40  3:57  Void Ray (Chrono Boost)  
  44  4:07  Probe  
  45  4:11  Probe  
  46  4:18  Robotics Facility  
  46  4:22  Probe (Chrono Boost)  
  46  4:23  Probe (Chrono Boost)  
  48  4:34  Probe x2 (Chrono Boost)  
  50  4:38  Probe (Chrono Boost)  
  50  4:39  Probe (Chrono Boost)  
  50  4:45  Forge  
  52  4:48  Probe  
  52  4:49  Probe  
  54  4:52  Sentry  
  54  4:53  Sentry  
  57  5:00  Probe  
  57  5:02  Probe  
  59  5:11  Observer  
  59  5:12  Probe  
  59  5:14  Probe  
  62  5:15  Assimilator x2  
  62  5:16  Pylon  
  62  5:20  Protoss Ground Weapons Level 1  
  62  5:34  Probe x2  
  64  5:36  Pylon  
  64  5:38  Immortal  
  68  5:46  Probe x2  
  68  5:56  Gateway  
  66  5:58  Gateway  
  66  6:00  Twilight Council  
  68  6:07  Shield Battery  
  68  6:08  Shield Battery  
  68  6:09  Sentry, Zealot  
  70  6:14  Immortal (Chrono Boost), Observer  
  74  6:27  Gateway  
  74  6:29  Pylon  
  74  6:33  Gateway  
  74  6:37  Charge (Chrono Boost)  
  74  6:44  Immortal (Chrono Boost)  
  75  6:56  Zealot x2  
  75  6:57  Zealot  
  75  6:58  Observer  
  81  7:08  Zealot  
  83  7:09  Templar Archives  
  83  7:11  Pylon  
  83  7:29  Immortal (Chrono Boost)  
  87  7:32  Protoss Ground Weapons Level 2 (Chrono Boost)  
  87  7:38  Pylon  
  87  7:39  Pylon  
  85  7:51  Pylon  
  85  7:52  Pylon  
  85  7:53  Probe  
  85  7:56  Probe  
  87  8:00  High Templar x2  
  87  8:05  Warp Prism (Chrono Boost)  
  91  8:09  Gateway, Archon  
  91  8:10  Gateway  
  93  8:14  High Templar  
  93  8:15  High Templar  
  93  8:17  Zealot x2  
  99  8:29  Archon, Pylon  
  99  8:30  Pylon  
  99  8:35  Observer  
  98  8:41  Zealot x3  
  98  8:42  Zealot  
  104  9:09  High Templar x2  
  104  9:12  High Templar, Zealot  
  104  9:14  High Templar  
  104  9:16  Zealot x3  
  116  9:17  Archon  
  116  9:19  Archon  
  116  9:25  Pylon x2  
  116  9:38  Warp Prism  
  116  9:43  High Templar x2  
  116  9:44  Zealot x4  
  128  9:48  Archon  
  128  9:58  Zealot x2  
  132  10:14  High Templar x2  
  132  10:15  Zealot x2  
  132  10:17  Zealot x2  
  132  10:18  Archon  
  144  10:22  Zealot x2  
  148  10:31  Pylon x2  
  138  10:51  Zealot x3  
  138  10:52  Zealot x3  
  118  10:58  Zealot  
  112  11:30  High Templar x3  
  112  11:31  High Templar  
  112  11:32  High Templar x2  
  122  11:33  Zealot x2  
  122  11:36  Archon x2  
  122  11:37  Archon  
  113  11:53  Nexus  
Show
View Real Time Build Order
Export as new Build Order

Patience Protoss 

Build Orders: Phoenix Opening 

Get SALT Encoding   

  12  0:00  Probe  
  13  0:13  Probe  
  14  0:17  Pylon  
  14  0:25  Probe (Chrono Boost)  
  16  0:37  Probe (Chrono Boost)  
  16  0:38  Gateway  
  16  0:42  Probe (Chrono Boost)  
  16  0:49  Assimilator  
  17  0:51  Probe  
  17  0:55  Assimilator  
  18  1:04  Probe (Chrono Boost)  
  19  1:08  Gateway  
  19  1:13  Probe (Chrono Boost)  
  19  1:18  Probe (Chrono Boost)  
  21  1:27  Cybernetics Core  
  21  1:30  Probe  
  22  1:35  Pylon  
  22  1:42  Probe  
  23  1:54  Probe  
  23  2:00  Warp Gate (Chrono Boost)  
  24  2:03  Stalker  
  24  2:04  Sentry  
  24  2:07  Pylon  
  28  2:12  Probe  
  29  2:19  Gateway  
  30  2:34  Stalker  
  30  2:36  Stalker  
  33  2:37  Phoenix  
  33  2:47  Pylon  
  33  2:50  Robotics Facility  
  32  2:59  Pylon  
  32  3:18  Probe  
  33  3:23  Nexus  
  34  3:41  Observer  
  34  3:43  Adept  
  34  3:46  Probe  
  37  3:50  Twilight Council  
  37  3:55  Shield Battery  
  37  3:58  Probe  
  37  4:00  Sentry x2  
  42  4:08  Shield Battery  
  42  4:10  Probe  
  43  4:21  Warp Prism (Chrono Boost)  
  45  4:28  Probe  
  45  4:30  Blink (Chrono Boost)  
  46  4:48  Probe  
  46  4:49  Probe  
  48  5:00  Probe  
  48  5:01  Probe  
  48  5:06  Observer  
  48  5:07  Gateway x2  
  49  5:17  Sentry, Stalker  
  49  5:20  Probe x2  
  49  5:21  Shield Battery  
  55  5:30  Observer  
  55  5:32  Probe x2  
  57  5:36  Pylon  
  55  5:44  Probe  
  55  5:48  Probe  
  57  5:56  Probe, Stalker  
  57  5:57  Stalker  
  62  6:00  Probe  
  62  6:03  Forge, Stalker  
  62  6:04  Stalker  
  66  6:08  Probe  
  67  6:12  Probe  
  67  6:13  Charge (Chrono Boost)  
  67  6:14  Assimilator  
  67  6:15  Assimilator  
  67  6:16  Pylon  
  68  6:35  Stalker x3  
  68  6:36  Zealot  
  76  6:56  Protoss Ground Weapons Level 1 (Chrono Boost)  
  72  7:06  Gateway  
  72  7:07  Gateway  
  72  7:08  Gateway  
  72  7:12  Gateway  
  70  7:16  Stalker x4  
  70  7:21  Pylon  
  70  7:22  Pylon  
  68  7:46  Observer  
  68  7:48  Zealot x3  
  68  7:49  Zealot  
  76  8:05  Stalker x4  
  82  8:09  Adept  
  82  8:10  Adept  
  88  8:14  Templar Archives  
  88  8:25  Nexus  
  87  8:28  Pylon  
  87  8:31  Observer (Chrono Boost)  
  88  8:46  Zealot x5  
  98  8:53  High Templar x2  
  102  8:57  Pylon  
  102  8:59  Pylon  
  102  9:01  Archon  
  96  9:11  High Templar x2  
  96  9:14  High Templar  
  96  9:15  High Templar  
  96  9:16  Zealot x2  
  104  9:17  Archon  
  104  9:20  Archon  
  104  9:27  Zealot x2  
  107  9:39  Zealot x2  
  107  9:43  High Templar x2  
  107  9:44  Zealot  
  117  9:48  Archon, Zealot x3  
  115  10:02  Zealot x2  
  115  10:03  Zealot  
  121  10:11  High Templar  
  121  10:12  High Templar, Zealot  
  127  10:16  Archon, Zealot  
  129  10:22  Pylon  
  129  10:26  Pylon  
  105  10:50  Zealot x8  
  75  11:22  High Templar x4  
  75  11:23  Stalker x3  
  82  11:26  Archon x2  
  82  11:27  Stalker  
Tags
 
Add a new tag
Caveats
  • Supply blocks, unpowered buildings, or Contaminate may cause inaccurate times.
  • Supply counts are checked every 10 seconds.